Map: Ever Dream LE

Players

Namshar

  • Race: Zerg Zerg
  • League: Master
  • Spawn Location: 7:00

Astrea - Winner!

  • Race: Protoss Protoss
  • Spawn Location: 1:00

Event: DreamHack SC2 Masters 2020 Summer North America

VOD

Have the link to the VOD?

Description

Time

  • Played on: July 4, 2020, 5:02 p.m.
  • Length: 15:09

All games in this series

Show
View Real Time Build Order
Export as new Build Order

Namshar Zerg 

Build Orders: Hatch First, Muta Ling Bane 

Get SALT Encoding   

  12  0:00  Drone  
  13  0:12  Overlord  
  13  0:17  Drone  
  14  0:30  Drone x2  
  16  0:47  Hatchery  
  15  0:50  Drone  
  15  0:54  Drone  
  18  0:57  Drone  
  18  1:07  Extractor  
  17  1:12  Spawning Pool  
  17  1:16  Drone  
  17  1:19  Drone  
  18  1:27  Drone  
  19  1:38  Drone  
  20  1:49  Overlord  
  20  1:59  Zergling x2, Queen x2  
  26  2:01  Zergling x2  
  26  2:10  Drone x2  
  26  2:13  Metabolic Boost  
  28  2:20  Drone  
  28  2:21  Drone  
  30  2:31  Drone  
  30  2:32  Drone  
  32  2:42  Hatchery  
  31  2:46  Drone  
  31  2:50  Overlord  
  32  2:56  Zergling x2  
  32  2:58  Queen  
  33  3:02  Drone  
  36  3:09  Drone x2  
  36  3:10  Drone x2  
  40  3:16  Zergling x8  
  39  3:36  Queen  
  41  3:42  Overlord x2  
  41  3:48  Spore Crawler  
  40  3:53  Overlord  
  40  3:57  Drone  
  40  4:01  Drone x3  
  40  4:02  Drone x2  
  46  4:03  Drone  
  46  4:08  Drone x5  
  50  4:11  Spore Crawler  
  50  4:16  Drone x2  
  49  4:20  Drone  
  49  4:21  Drone  
  51  4:25  Drone x2  
  53  4:31  Overlord  
  53  4:32  Drone x2  
  55  4:39  Drone  
  55  4:40  Drone  
  57  4:46  Lair  
  57  4:48  Roach Warren  
  57  4:51  Drone x2, Extractor  
  57  4:52  Extractor  
  55  4:57  Drone  
  55  4:58  Drone x4  
  55  4:59  Drone  
  61  5:03  Drone x3  
  64  5:08  Overlord  
  63  5:14  Spore Crawler  
  63  5:16  Drone x5  
  64  5:28  Drone x4  
  68  5:29  Roach x3  
  74  5:39  Overlord x2  
  74  5:40  Roach x4  
  82  5:46  Extractor x2  
  82  5:47  Overseer  
  79  5:56  Drone x4  
  82  6:01  Drone x3  
  82  6:03  Drone  
  82  6:04  Drone x4  
  90  6:08  Glial Reconstitution, Drone, Extractor  
  90  6:16  Drone  
  90  6:17  Overlord x2  
  91  6:25  Drone  
  92  6:30  Drone  
  92  6:31  Evolution Chamber, Baneling Nest  
  91  6:34  Hatchery  
  91  6:39  Spire  
  89  6:40  Roach x3  
  93  6:47  Drone  
  93  6:48  Drone x2  
  93  6:52  Queen  
  98  7:04  Zerg Melee Weapons Level 1  
  98  7:06  Overlord x2  
  98  7:11  Roach x8  
  114  7:23  Unknown  
  114  7:24  Queen  
  114  7:25  Overlord x2  
  114  7:27  Drone  
  114  7:28  Ravager x3, Queen  
  120  7:41  Overlord  
  120  7:42  Overlord x3  
  117  7:57  Drone x4  
  117  7:58  Drone x2  
  122  8:05  Mutalisk x9  
  122  8:06  Mutalisk  
  138  8:19  Mutalisk x2  
  142  8:37  Roach x11  
  164  8:46  Overlord x4  
  164  8:48  Ravager, Zergling x2  
  164  9:02  Mutalisk x3  
  160  9:08  Zerg Melee Weapons Level 2  
  168  9:24  Roach x14  
  184  9:35  Ravager  
  184  9:36  Ravager x2  
  184  9:37  Zergling x8  
  184  9:38  Zergling x12  
  197  9:41  Centrifical Hooks  
  197  9:46  Ravager x2  
  199  9:54  Zerg Flyer Weapons Level 1  
  199  10:12  Baneling x19  
  196  10:37  Zergling x12  
  196  10:53  Hatchery  
  192  10:58  Mutalisk x5  
  192  11:04  Zergling x2  
  194  11:13  Zergling x12  
  176  11:44  Mutalisk x15  
  176  11:45  Mutalisk x2  
  173  11:47  Zergling x8  
  173  11:48  Zergling x16  
  173  12:01  Zerg Flyer Weapons Level 2  
  173  12:02  Extractor  
  173  12:05  Extractor  
  173  12:07  Baneling x11  
  171  12:10  Baneling x2  
  171  12:12  Zergling x24  
  177  12:21  Baneling x2  
  177  12:22  Baneling x8  
  172  12:33  Ravager x3  
  172  12:34  Zergling x24  
  170  12:49  Roach, Zergling x26  
  175  12:52  Roach, Zergling x2  
  138  13:00  Roach x3  
  137  13:10  Baneling x3  
  136  13:15  Baneling x7  
  121  13:41  Mutalisk x4  
  124  13:55  Zergling x16  
  124  13:56  Zergling x2  
  132  14:09  Mutalisk x3  
  136  14:18  Baneling x8  
  136  14:26  Hatchery  
  136  14:29  Mutalisk x3  
  141  14:44  Baneling x9  
  142  14:45  Zergling x12  
Show
View Real Time Build Order
Export as new Build Order

Astrea Protoss - Winner!

Build Orders: 1 Gate Expand, Oracle Opening, Archon Immortal 

Get SALT Encoding   

  12  0:00  Probe  
  13  0:13  Probe  
  14  0:17  Pylon  
  14  0:25  Probe  
  15  0:33  Probe  
  15  0:39  Gateway  
  15  0:41  Probe  
  16  0:47  Assimilator  
  17  0:51  Probe  
  18  1:03  Probe  
  19  1:15  Probe  
  20  1:23  Nexus  
  20  1:33  Cybernetics Core  
  20  1:37  Probe  
  21  1:44  Assimilator  
  21  1:49  Probe  
  21  1:53  Pylon  
  22  1:59  Probe  
  22  2:01  Adept  
  22  2:08  Probe  
  26  2:16  Probe  
  26  2:19  Stargate  
  27  2:24  Adept  
  27  2:28  Probe, Warp Gate  
  28  2:35  Probe  
  31  2:41  Probe  
  32  2:48  Probe  
  33  2:53  Stalker, Probe  
  36  2:59  Oracle  
  36  3:00  Probe  
  36  3:05  Probe  
  38  3:07  Pylon  
  38  3:12  Probe  
  42  3:17  Probe  
  43  3:26  Probe  
  44  3:29  Probe  
  44  3:38  Probe  
  43  3:41  Probe  
  43  3:45  Adept  
  43  3:46  Gateway, Oracle  
  48  3:50  Probe  
  48  3:53  Probe  
  50  3:56  Pylon  
  50  4:02  Probe  
  51  4:05  Probe  
  52  4:13  Oracle  
  52  4:14  Probe  
  53  4:17  Probe  
  53  4:23  Adept  
  59  4:26  Probe  
  59  4:31  Nexus, Probe  
  61  4:32  Pylon  
  61  4:38  Assimilator, Probe  
  61  4:40  Assimilator  
  62  4:47  Robotics Facility  
  62  4:48  Gateway  
  62  4:50  Probe  
  63  4:55  Probe  
  63  4:56  Pylon  
  64  5:05  Probe  
  64  5:06  Sentry  
  67  5:08  Sentry  
  67  5:09  Shield Battery  
  67  5:10  Probe  
  70  5:17  Probe  
  70  5:20  Probe  
  71  5:24  Forge  
  71  5:25  Probe  
  71  5:27  Twilight Council  
  72  5:28  Probe  
  72  5:33  Sentry  
  72  5:34  Probe  
  76  5:36  Probe  
  76  5:39  Gateway  
  76  5:40  Gateway  
  76  5:42  Assimilator  
  78  5:44  Observer, Probe  
  78  5:46  Probe  
  78  5:48  Assimilator  
  81  5:50  Probe  
  81  5:54  Probe  
  81  5:56  Probe  
  83  5:58  Probe  
  83  5:59  Protoss Ground Weapons Level 1  
  85  6:04  Immortal  
  85  6:06  Probe  
  85  6:07  Probe  
  85  6:09  Probe  
  92  6:16  Pylon  
  92  6:18  Pylon  
  92  6:21  Probe  
  93  6:27  Gateway x2  
  93  6:28  Gateway  
  93  6:31  Gateway  
  93  6:34  Gateway, Warp Prism, Phoenix, Probe  
  93  6:35  Templar Archives  
  98  6:54  Zealot  
  98  6:55  Zealot x4  
  98  6:57  Pylon  
  98  6:59  Pylon  
  108  7:03  Immortal, Pylon  
  108  7:06  Probe  
  109  7:15  Probe  
  114  7:24  Psionic Storm  
  114  7:25  High Templar x4  
  114  7:28  Photon Cannon  
  122  7:35  Immortal  
  122  7:38  Pylon  
  122  7:43  Nexus  
  126  7:46  Probe x2  
  128  7:56  Probe  
  128  7:58  Photon Cannon x2, Probe  
  130  8:00  Photon Cannon, Probe  
  130  8:04  Immortal  
  131  8:07  Protoss Ground Weapons Level 2  
  131  8:08  Probe  
  131  8:10  Probe  
  137  8:20  Photon Cannon, Shield Battery, Probe x2  
  137  8:23  High Templar  
  137  8:24  Pylon  
  141  8:29  Pylon  
  141  8:30  Pylon  
  141  8:31  Pylon  
  141  8:36  Stargate  
  141  8:38  Shield Battery  
  141  8:39  Photon Cannon  
  141  8:40  Phoenix  
  141  8:42  Photon Cannon  
  141  8:45  Shield Battery  
  143  8:48  High Templar x2  
  143  8:49  High Templar x2  
  143  8:52  Archon  
  143  8:54  Archon x2  
  147  8:57  Phoenix  
  147  9:00  Charge  
  143  9:08  Zealot x6  
  157  9:17  Phoenix  
  157  9:24  High Templar x2  
  157  9:27  Immortal  
  157  9:29  Probe x3  
  166  9:39  Probe  
  166  9:41  Probe x2  
  166  9:44  Assimilator  
  169  9:48  Assimilator  
  169  9:49  High Templar x2  
  169  9:50  Zealot x6  
  169  9:51  Photon Cannon, Phoenix  
  185  9:53  Photon Cannon  
  187  10:05  Protoss Air Weapons Level 1  
  185  10:25  Phoenix  
  181  10:39  Immortal  
  181  10:40  Blink  
  185  10:44  Pylon  
  185  10:45  Pylon  
  185  10:50  Gateway  
  185  10:51  Gateway  
  185  10:52  Gateway  
  185  10:55  Photon Cannon  
  183  10:57  Photon Cannon  
  183  10:58  Photon Cannon  
  183  11:02  Stalker x6  
  183  11:04  Stalker  
  194  11:08  Probe x3  
  194  11:09  Probe  
  194  11:11  Warp Prism  
  182  11:20  Probe x3  
  182  11:21  Probe  
  186  11:32  Probe x3  
  189  11:33  Probe  
  189  11:35  Phoenix  
  189  11:36  Zealot x2  
  189  11:37  Zealot x3  
  194  11:44  Probe x2  
  194  11:45  Probe x2  
  188  11:50  High Templar x4  
  188  11:54  Archon x2  
  196  12:04  Photon Cannon  
  196  12:06  Photon Cannon  
  196  12:07  Photon Cannon  
  196  12:10  Photon Cannon  
  196  12:14  Probe x2  
  186  12:29  Phoenix  
  180  12:35  Photon Cannon, High Templar x9  
  195  12:39  Photon Cannon, Archon x4  
  195  12:41  Photon Cannon  
  195  12:42  Shield Battery  
  195  12:43  Photon Cannon, Shield Battery  
  186  12:45  Shield Battery  
  139  13:07  Stalker x2  
  139  13:08  Stalker x9  
  159  13:28  Archon  
  155  13:35  Probe x4  
  155  13:38  Phoenix  
  155  13:40  Stalker x2  
  155  13:41  Stalker x3  
  169  13:47  Probe  
  168  13:48  Probe x3  
  171  13:59  Probe, Zealot x6  
  171  14:00  Photon Cannon  
  171  14:01  Photon Cannon  
  184  14:03  Phoenix x2  
  186  14:10  Probe  
  186  14:11  Probe x3  
  186  14:16  High Templar x2  
  194  14:17  Zealot  
  194  14:20  Archon  
  196  14:29  Fleet Beacon  
  196  14:41  Pylon  
  196  14:42  Pylon  
  192  15:02  Stalker x6  
  192  15:03  Stalker x3  
Tags
 
Add a new tag
Caveats
  • Supply blocks, unpowered buildings, or Contaminate may cause inaccurate times.
  • Supply counts are checked every 10 seconds.